AoeStats
← Carple

Black Forest

504822806Analyzed
1v1 RM · 26d ago on Sep 6, 2026· 21m 31s· 2 players
Game mode
Random Map
Map size
Tiny (2 player)
Population
200
Speed
Normal
Resources
Standard
Victory
Conquest
Starting age
Dark Age
Ending age
Imperial Age
RankedLock teamsTeams togetherTeam positionsShared explorationLock speedFull tech treeHidden civsTurbo modeCheats
Victory
Defeat
🇨🇴 Japanese · Colombia
1244
+17
🇨🇦 Japanese · Canada
1274
-17
Camo
7:24 Loom
9:54 Feudal Age
9:57 Man-at-Arms
10:44 Arson
13:04 Scale Mail Armor
17:41 Wheelbarrow
20:07 Castle Age
18:31 Fletching
19:08 Double-Bit Axe
19:05 Horse Collar
20:17 Stone Mining
20:48 Town Watch
20:37 Long Swordsman
21:19 Squires
Carple
0:39 Loom
12:03 Feudal Age
12:50 Double-Bit Axe
16:02 Castle Age
15:32 Fletching
Connection lost

Rejoining the realm…

Still unreachable

The connection could not be restored.

Session expired

The server has moved on; the page needs a fresh start.